 Dungeon Crawl Stone Soup version 0.29.1-13-g9f3cf754e1 (webtiles) character file.

Game seed: 3393142375712059325

2 flickminster the Insei (level 1, 0/15 HPs)
             Began as a Demonspawn Transmuter on Feb 5, 2023.
             Slain by a kobold
             ... wielding a +0 short sword
              (3 damage)
             ... on level 1 of the Dungeon.
             The game lasted 00:00:36 (48 turns).

flickminster the Insei (Demonspawn Transmuter)        Turns: 48, Time: 00:00:37

Health: 0/15       AC:  2    Str: 10    XL:     1   Next: 25%
Magic:  3/3        EV: 12    Int: 14    God:
Gold:   10         SH:  0    Dex: 13    Spells: 3/4 levels left

rFire   . . .      SeeInvis .   d - +0 dagger
rCold   . . .      Faith    .   (no shield)
rNeg    . . .      Spirit   .   a - +0 robe
rPois   .          Reflect  .   (helmet currently unavailable)
rElec   .          Harm     .   (no cloak)
rCorr   .          Rampage  .   (no gloves)
Will    .....                   (boots currently unavailable)
Stlth   +.........              (no amulet)
HPRegen 0.05/turn               (no ring)
MPRegen 0.08/turn               (no ring)

@: appendages (expiring)
A: horns 2, talons 2
a: End Transformation


You were on level 1 of the Dungeon.
You had temporarily grown beastly horns and talons.
You visited 1 branch of the dungeon, and saw 1 of its levels.

You collected 10 gold pieces.

Inventory:

Hand Weapons
 d - a +0 dagger (weapon)
Armour
 a - a +0 robe (worn)
Potions
 b - a potion of lignification
 c - a potion of attraction {unknown}


   Skills:
 + Level 1.0 Fighting
 + Level 0.0 Short Blades
 + Level 1.8 Dodging
 - Level 2.7 Unarmed Combat
 + Level 2.0 Spellcasting
 + Level 1.8 Transmutations


You had 3 spell levels left.
You knew the following spells:

 Your Spells              Type           Power      Damage    Failure   Level
a - Beastly Appendage     Tmut           12%        N/A       12%         1

Your spell library contained the following spells:

 Spells                   Type           Power      Damage    Failure   Level
 Wereblood                Tmut           6%         N/A       17%         2
 Spider Form              Tmut/Pois      3%         N/A       45%         3
 Ice Form                 Ice/Tmut       3%         N/A       86%         4


Dungeon Overview and Level Annotations

Branches:
Dungeon (1/15)

Altars:


Innate Abilities, Weirdness & Mutations

You have temporarily grown beastly horns and talons.


Message History

The goblin hits you with a +0 dagger.
You hit the goblin.
You kill the goblin!
Things that are here:
a +0 dagger; a goblin corpse
d - a +0 dagger (weapon)
Your horns disappear.
Your talons disappear.
A kobold comes into view. It is wielding a +0 club.
Casting: Beastly Appendage (safe; 12% risk of failure)
Confirm with . or Enter, or press ? or * to list all spells.
You grow a pair of large bovine horns.
Your feet morph into talons.
The kobold closely misses you.
You hit the kobold but do no damage. You headbutt the kobold.
You kill the kobold!
Things that are here:
a +0 club; a kobold corpse You open the door.
A kobold comes into view. It is wielding a +0 short sword.
Found 6 stones.
A hobgoblin comes into view.
The hobgoblin shouts!
The kobold shouts!
There is an open door here.
Your transformation is almost over.
A rat comes into view.
The kobold hits you with a +0 short sword.
You hit the kobold.
You headbutt the kobold, but do no damage.
The kobold is moderately wounded.
The rat twitches its whiskers.
The kobold hits you but does no damage.
You hit the kobold.
The kobold is heavily wounded.
The hobgoblin barely misses you.
The kobold hits you with a +0 short sword.
You barely miss the kobold.
The kobold is heavily wounded.
The hobgoblin hits you.
* * * LOW HITPOINT WARNING * * *
The kobold hits you with a +0 short sword.
You die...

##.#... .##
##.8.8.8.8.##
#...........#
+.....(.....+
#...........#
#.8.8.8.8.#
#.#...#K#
#...g@#
##...## ##'##
##..# #..## #
#)##
##..#######.#
............#
#...###.#####


You could see a hobgoblin and a kobold.

Vanquished Creatures
  A goblin (D:1)
  A kobold (D:1)
2 creatures vanquished.

Notes
Turn   | Place    | Note
-------+----------+-------------------------------------------
     0 | D:1      | flickminster the Demonspawn Transmuter began the quest for
                  | the Orb.
     0 | D:1      | Reached XP level 1. HP: 15/15 MP: 3/3
    48 | D:1      | Slain by a kobold

Illustrated notes

Levels and vault maps discovered:
D:1:      psy_arrival_spokes, layout_loops_ring, dk_noncrumbling_3

Action                   || total
-------------------------++-------
Melee: Dagger            ||     4
       Unarmed           ||     3
       Headbutt          ||     2
       Kick              ||     1
 Cast: Beastly Appendage ||     2
Armor: Robe              ||     1
Dodge: Dodged            ||     2
